 Dungeon Crawl Stone Soup version 0.25-a0-737-g26c3a87c45 (webtiles) character file.

Game seed: 458628297649847894, levelgen mode: deterministic

3205 Froggeryz the Grappler (level 9, -1/76 HPs)
             Began as a Gargoyle Monk on Apr 12, 2020.
             Was a Priest of Cheibriados.
             Slain by a komodo dragon (22 damage)
             ... on level 9 of the Dungeon.
             The game lasted 00:12:39 (7250 turns).

Froggeryz the Grappler (Gargoyle Monk)              Turns: 7250, Time: 00:12:40

Health: -1/76      AC: 24    Str: 24    XL:     9   Next: 96%
Magic:  13/13      EV:  2    Int: 18    God:    Cheibriados [***...]
Gold:   139        SH:  8    Dex: 28    Spells: 8/8 levels left

rFire    . . .     SeeInvis .     - Unarmed
rCold    . . .     Gourm    .   o - +1 buckler
rNeg     + + +     Faith    .   (armour currently unavailable)
rPois    ∞         Spirit   .   (helmet currently unavailable)
rElec    .         Reflect  .   (cloak currently unavailable)
rCorr    .         Harm     .   (gloves currently unavailable)
MR       .....     NoTele   +   (boots currently unavailable)
Stlth    +++.......             s - amulet of magic regeneration
HPRegen  0.22/turn              D - +5 ring of dexterity
MPRegen  0.38/turn              C - +3 ring of dexterity

@: tree-form, stab, very slightly contaminated, hasted (expiring), slow
A: negative energy resistance 1, petrification resistance, rot immunity, AC +6
a: Bend Time, Temporal Distortion, Renounce Religion


You were on level 9 of the Dungeon.
You worshipped Cheibriados.
Cheibriados was most pleased with you.
You were very hungry.
You were a tree.
You visited 2 branches of the dungeon, and saw 11 of its levels.

You collected 335 gold pieces.
You spent 196 gold pieces at shops.

Inventory:

Missiles
 d - a throwing net
 i - 64 poisoned darts (quivered)
Armour
 a - a +0 robe (melded)
 o - a +1 buckler (worn)
 r - a +0 pair of boots (melded)
 u - a +2 cloak (melded)
Jewellery
 f - an uncursed ring of see invisible
 s - an amulet of magic regeneration (around neck)
 C - a +3 ring of dexterity (right branch)
 D - a +5 ring of dexterity (left branch)
Wands
 q - a wand of paralysis (9)
 x - a wand of polymorph (11)
 y - a wand of digging (8)
Scrolls
 c - 6 scrolls of identify
 j - a scroll of remove curse
 p - 2 scrolls of fog
 t - 3 scrolls of enchant armour
 v - a scroll of magic mapping
Potions
 e - a potion of cancellation
 k - 4 potions of brilliance
 m - a potion of resistance {unknown}
 n - 4 potions of lignification
 w - a potion of curing
 z - a potion of ambrosia {unknown}
 F - a potion of mutation
 G - a potion of flight {unknown}
Comestibles
 b - 19 rations


   Skills:
 - Level 3.2 Fighting
 - Level 2.4 Dodging
 - Level 2.1 Stealth
 - Level 5.1 Shields
 * Level 11.6 Unarmed Combat
 + Level 5.9 Invocations


You had 8 spell levels left.
You didn't know any spells.
Your spell library was empty.

Dungeon Overview and Level Annotations

Branches:
Dungeon (10/15)            Temple (1/1) D:6            Lair (0/6) D:9
    Orc: D:9-12

Altars:
Cheibriados
Dithmenos
Elyvilon
Fedhas
Gozag
Hepliaklqana
Kikubaaqudgha
Makhleb
Nemelex Xobeh
Okawaru
Qazlal
Ru
Sif Muna
Trog
Uskayaw
Vehumet
Wu Jian
Xom
Zin

Shops:
D:5 %   D:6 *!


Innate Abilities, Weirdness & Mutations

You are resistant to torment.
((Your stone body is resilient. (AC +6)))
You are immune to poison.
You resist negative energy. (rN+)
((You are resistant to electric shocks. (rElec)))
((You can survive without breathing.))
You are immune to petrification.
You are immune to rotting.


Message History

A centaur warrior opens the door.
The centaur shoots an arrow.
The arrow barely misses the centaur warrior.
The arrow hits you but does no damage.
The helpless centaur fails to defend itself.
You pummel the centaur!!
You kill the centaur!
Cheibriados thoroughly appreciates the change of pace.
Your extra speed is starting to run out.
The centaur warrior shoots an arrow.
The arrow hits you.
* * * LOW HITPOINT WARNING * * *
The iguana hisses angrily.
You flicker back into view.
A sky beast appears from thin air!
Reactivating autopickup.
You hit the komodo dragon.
The komodo dragon is lightly wounded.
You smack the komodo dragon!
The komodo dragon is moderately wounded.
The komodo dragon bites you!!
You die...

,,,,,*,,,,,,,,,,,*,,,,,,,,,,,,**
,,,,,*,,,,,,,,,,,*,,,,,,,,,,,,**
,,,,,*,,,,,,,,,,,#........,,,,,*
,,,,,*,,,,,,,,,,,#........,,,,,*
,,,,,*,,,,,,,,,,,#.......,,,,,,*
,,,,**,,,*########.....#*,,,,,***
,,,,**,..##.....##.....##,,,,,,,*
,,>,,,,........)>#H.....#.,,,,,,,
,,,,,,,........)♣laZY.....,,,,,,,
,,,,,,,.........)c.l§.....,,,,,,,
,,,,**,####....####.####..,,,****
,,,,**,***###'.#,,,...,*,,,,,****
,,,,,,,,,,,....#,,,HF..#,,,,,,,,,
,,,,,>,,,,.....#,,,....#,,,,,,,,,
,,,,,,,,,.......,,,8.....,,,,,,,,
,,,,,,,,,....,,*,,,..Z.#..,,,**,,
,,,,,,,,,,,,,,,*,,,9l..#.#*******


You could see a centaur warrior, a komodo dragon, a hippogriff, a sky beast, an
iguana, a worker ant and a worker ant zombie.

Vanquished Creatures
  A deep elf mage (D:9)
  A gargoyle (D:9)
  A spriggan (D:7)
  A sky beast (D:10)
  A necrophage (D:8)
  2 orc warriors
  A phantom (D:5)
  An ogre (D:7)
  3 centaurs
  A bullfrog (D:7)
  3 scorpions
  2 centaur zombies
  6 crimson imps
  4 bullfrog zombies
  A bullfrog skeleton (D:10)
  A hound (D:4)
  A jelly (D:9)
  7 orc priests
  3 orc wizards
  Jessica (D:2)
  A centaur skeleton (D:5)
  2 iguanas (D:7)
  2 worker ants
  A worker ant zombie (D:7)
  8 gnolls
  10 adders
  3 oozes
  An adder skeleton (D:5)
  A worm (D:2)
  8 leopard geckos
  22 orcs
  8 bats
  9 giant cockroaches
  13 goblins
  11 hobgoblins
  6 jackals
  9 kobolds
  3 quokkas
  6 frilled lizards
  9 rats
175 creatures vanquished.

Vanquished Creatures (others)
  A hungry ghost (D:9)
  A bullfrog (D:9)
  A hound zombie (D:9)
3 creatures vanquished.

Grand Total: 178 creatures vanquished

Notes
Turn   | Place    | Note
-------+----------+-------------------------------------------
     0 | D:1      | Froggeryz the Gargoyle Monk began the quest for the Orb.
     0 | D:1      | Reached XP level 1. HP: 14/14 MP: 1/1
   110 | D:1      | Reached XP level 2. HP: 15/19 MP: 2/2
   346 | D:1      | Reached skill level 4 in Unarmed Combat
   651 | D:1      | Reached XP level 3. HP: 23/23 MP: 3/3
   967 | D:2      | Noticed Jessica
   992 | D:2      | Reached XP level 4. HP: 7/28 MP: 4/4
   998 | D:2      | Killed Jessica
   998 | D:2      | Reached skill level 5 in Unarmed Combat
  1264 | D:2      | Found a faded altar of an unknown god.
  1592 | D:3      | Reached XP level 5. HP: 29/32 MP: 5/5
  1617 | D:3      | Reached skill level 1 in Shields
  2082 | D:3      | Reached skill level 6 in Unarmed Combat
  2280 | D:3      | Reached XP level 6. HP: 19/37 MP: 6/6
  3933 | D:5      | Entered Level 5 of the Dungeon
  4205 | D:5      | Found Kamanoomoqa's Food Boutique.
  4242 | D:5      | Reached skill level 7 in Unarmed Combat
  4242 | D:5      | Reached XP level 7. HP: 38/41 MP: 7/7
  4464 | D:5      | Found a shimmering altar of Xom.
  4527 | D:5      | Reached skill level 8 in Unarmed Combat
  4527 | D:5      | Reached XP level 8. HP: 38/46 MP: 8/8
  4936 | D:6      | Found an opulent altar of Gozag.
  4994 | D:6      | Found Ykhaath's Distillery.
  4999 | D:6      | Bought a potion of heal wounds for 70 gold pieces
  4999 | D:6      | Bought a potion of mutation for 112 gold pieces
  4999 | D:6      | Bought a potion of degeneration for 14 gold pieces
  5056 | D:6      | Found a glowing silver altar of Zin.
  5058 | D:6      | Found Vuittak's Hallowed Reliquary.
  5058 | D:6      | Noticed an angel
  5066 | D:6      | Found a staircase to the Ecumenical Temple.
  5087 | Temple   | Entered the Ecumenical Temple
  5241 | Temple   | Became a worshipper of Cheibriados the Contemplative
  5241 | Temple   | Reached * piety under Cheibriados
  5241 | Temple   | Reached ** piety under Cheibriados
  5756 | D:7      | Reached skill level 5 in Shields
  5878 | D:7      | Reached skill level 9 in Unarmed Combat
  5878 | D:7      | Reached skill level 1 in Invocations
  6041 | D:7      | Found a bloodstained altar of Trog.
  6041 | D:7      | Found a sparkling altar of Nemelex Xobeh.
  6139 | D:7      | Noticed a spriggan baker
  6150 | D:7      | Killed a spriggan baker
  6201 | D:7      | Reached XP level 9. HP: 51/51 MP: 11/11
  6404 | D:7      | Reached skill level 10 in Unarmed Combat
  6571 | D:8      | Found a white marble altar of Elyvilon.
  6602 | D:8      | Reached *** piety under Cheibriados
  6856 | D:8      | Found a stormy altar of Qazlal.
  6911 | D:8      | Noticed a two-headed ogre
  6912 | D:8      | You fall into a shaft and drop 2 floors!
  6912 | D:10     | Entered Level 10 of the Dungeon
  7169 | D:10     | Noticed a two-headed ogre
  7185 | D:9      | Noticed a centaur warrior
  7185 | D:9      | Noticed a gargoyle
  7185 | D:9      | Noticed a komodo dragon
  7190 | D:9      | Noticed a deep elf mage
  7222 | D:9      | Noticed an orange demon
  7224 | D:9      | Killed a gargoyle
  7224 | D:9      | Reached skill level 11 in Unarmed Combat
  7224 | D:9      | Reached skill level 5 in Invocations
  7228 | D:9      | Killed a deep elf mage
  7250 | D:9      | Slain by a komodo dragon

Levels and vault maps discovered:
D:1:      nagdon_arrival_zigzag_paths, layout_rooms, hangedman_feature_mirror
D:2:      lemuel_upstairs_altar, layout_rooms, chequers_ecumenical_altar_simple,
          minmay_misc_feat_enclosed, uniq_jessica
D:3:      layout_basic, first_ration, st_stairs_8
D:4:      layout_basic
D:5:      layout_cave_pools, serial_shops, shop_statue, led_xom_imps
D:6:      layout_basic, grunt_gozag_breadcrumbs,
          minmay_temple_entry_antechambers, serial_shops, shop,
          nicolae_good_shop
D:7:      layout_basic, gammafunk_temple_overflow_pools, the_bakery
D:8:      layout_basic, nicolae_qazlal_eye_of_the_storm, elyvilon_altar_4
D:9:      layout_gridville, lair_entry_dummy, minivault_28
D:10:     layout_irregular_city
Temple:   hc_temple_tempest_star

Skill      XL: |  1  2  3  4  5  6  7  8  9 |
---------------+----------------------------+-----
Unarmed Combat | 4 5 6 7 8 9 11 | 11.6
Shields        | 1 3 4 5 |  5.1
Invocations    | 3 5 |  5.9
Fighting       | |  3.2
Dodging        | |  2.4
Stealth        | |  2.1

Action                   |  1- 3 |  4- 6 |  7- 9 || total
-------------------------+-------+-------+-------++-------
Melee: Unarmed           |   147 |   230 |   301 ||   678
       Punch             |     3 |    10 |     4 ||    17
Invok: Temporal Distorti |       |       |     1 ||     1
Evoke: Wand              |       |       |     2 ||     2
  Use: Potion            |       |       |     9 ||     9
       Scroll            |       |       |     7 ||     7
 Stab: Sleeping          |     3 |     5 |     9 ||    17
       Paralysed         |       |       |     8 ||     8
       Invisible         |       |       |     8 ||     8
  Eat: Chunk             |       |    11 |     6 ||    17
Armor: Robe              |    32 |    72 |    99 ||   203
       Skin              |       |       |    34 ||    34
Dodge: Dodged            |   101 |   153 |   148 ||   402
Block: Buckler           |       |       |    85 ||    85

Table legend:
 A = Non-vault XP
 B = Vault XP
 C = Vault XP percentage of total XP
 D = Non-vault monster count
 E = Vault monster count
 F = Vault count percentage of total count
                 A         B        C        D         E       F
            +---------+---------+-------+---------+---------+-------
      Total |    3042 |    1537 |  33.6 |     160 |      16 |   9.1
            +---------+---------+-------+---------+---------+-------
        D:1 |      33 |       9 |  21.4 |      18 |       6 |  25.0
        D:2 |      79 |      37 |  31.9 |      22 |       1 |   4.3
        D:3 |     238 |       1 |   0.4 |      37 |       1 |   2.6
        D:4 |     123 |       0 |   0.0 |      14 |       0 |   0.0
        D:5 |     542 |     196 |  26.6 |      12 |       4 |  25.0
        D:6 |     141 |       0 |   0.0 |      10 |       0 |   0.0
        D:7 |     791 |     220 |  21.8 |      19 |       1 |   5.0
        D:8 |     347 |       0 |   0.0 |      16 |       0 |   0.0
        D:9 |     339 |    1074 |  76.0 |       4 |       3 |  42.9
       D:10 |     409 |       0 |   0.0 |       8 |       0 |   0.0
            +---------+---------+-------+---------+---------+-------
